TOP OF THE 1ST |
El Paso Chihuahuas batting - Pitching for Iowa Cubs : RHP Rashid bin Ala'
|
Pitching: RHP Rashid bin Ala'
|
|
Batting: SHB Steve Killion
|
0-0: Swinging Strike 0-1: Ball 1-1: Foul Ball, location: 2F 1-2: Ball 2-2: SOLO HOME RUN (Line Drive, 9D, EV 103.1 MPH), Distance : 379 ft
|
Batting: RHB Itsuo Yoshioka
|
0-0: Called Strike 0-1: Bunt for hit to 23 - play at first, batter safe!
|
Batting: RHB Jeremy Lewis
|
0-0: Ball 1-0: Swinging Strike 1-1: Called Strike Itsuo Yoshioka steals 2nd base (no throw) 1-2: Foul Ball, location: 2F 1-2: Fly out, F8 (Flyball, 89XD, EV 98.8 MPH) Runner from 2nd tags up, SAFE at 3rd, no throw by CF
|
Batting: RHB Kiril Emeshin
|
0-0: Called Strike 0-1: Foul Ball, location: 2F 0-2: SINGLE (Groundball, 6MD, EV 103.1 MPH) Itsuo Yoshioka scores
|
Batting: RHB Juan Martinez
|
0-0: Grounds into double play, 6-4-3 (Groundball, 6, EV 78.1 MPH)
|
Top of the 1st over - 2 runs, 3 hits, 0 errors, 0 left on base; El Paso 2 - Iowa 0 |
BOTTOM OF THE 1ST |
Iowa Cubs batting - Pitching for El Paso Chihuahuas : RHP Jorge Guerrero
|
Pitching: RHP Jorge Guerrero
|
|
Batting: RHB Andy Wasierski
|
0-0: Ground out 5-3 (Groundball, 56, EV 85.0 MPH)
|
Batting: RHB Adam O'Hare
|
0-0: Ball 1-0: Ground out 5-3 (Groundball, 56S, EV 85.0 MPH)
|
Batting: RHB Francisco Ramirez
|
0-0: Called Strike 0-1: Called Strike 0-2: Ball 1-2: Strikes out swinging
|
Bottom of the 1st over - 0 runs, 0 hits, 0 errors, 0 left on base; El Paso 2 - Iowa 0 |
TOP OF THE 2ND |
El Paso Chihuahuas batting - Pitching for Iowa Cubs : RHP Rashid bin Ala'
|
Batting: RHB Kyle Davis
|
0-0: Swinging Strike 0-1: Fly out, F8 (Flyball, 8RXD, EV 95.6 MPH)
|
Pitching: LHP Nate George
|
|
Batting: RHB Ryan Alban
|
0-0: Called Strike 0-1: Ball 1-1: Swinging Strike 1-2: Strikes out looking
|
Batting: RHB Terry Jarrells
|
0-0: Ball 1-0: Ball 2-0: Foul Ball, location: 2F 2-1: SINGLE (Groundball, 6D, EV 96.9 MPH)
|
Batting: RHB Min-chin Yi
|
0-0: Called Strike 0-1: Swinging Strike 0-2: Strikes out swinging
|
Top of the 2nd over - 0 runs, 1 hit, 0 errors, 1 left on base; El Paso 2 - Iowa 0 |
BOTTOM OF THE 2ND |
Iowa Cubs batting - Pitching for El Paso Chihuahuas : RHP Jorge Guerrero
|
Batting: LHB Chris Morgan
|
0-0: Ball 1-0: Ball 2-0: Ball 3-0: Ground out 6-3 (Groundball, 6M, EV 88.8 MPH)
|
Batting: LHB John Holst
|
0-0: Called Strike 0-1: Ball 1-1: Foul Ball, location: 2F 1-2: Foul Ball, location: 2F 1-2: Foul Ball, location: 2F 1-2: Strikes out swinging
|
Batting: LHB John Criswell
|
0-0: Ball 1-0: Ball 2-0: Called Strike 2-1: Fly out, F6 (Popup, 6MD, EV 50.6 MPH)
|
Bottom of the 2nd over - 0 runs, 0 hits, 0 errors, 0 left on base; El Paso 2 - Iowa 0 |
TOP OF THE 3RD |
El Paso Chihuahuas batting - Pitching for Iowa Cubs : LHP Nate George
|
Batting: SHB Steve Killion
|
0-0: Called Strike 0-1: Ball 1-1: Ball 2-1: Foul Ball, location: 2F 2-2: Ball 3-2: SINGLE (Groundball, 15S, EV 75.0 MPH) (infield hit)
|
Batting: RHB Itsuo Yoshioka
|
0-0: Swinging Strike 0-1: Fly out, F8 (Flyball, 8LD, EV 104.4 MPH)
|
Pitching: RHP Josh Ready
|
|
Batting: RHB Jeremy Lewis
|
0-0: Ball 1-0: DOUBLE (Flyball, 8LXD, EV 96.9 MPH) Steve Killion to third Runner from 3rd tries for Home, SAFE, no throw by CF
|
Batting: RHB Kiril Emeshin
|
0-0: Ball 1-0: Called Strike 1-1: Foul Ball, location: 2F 1-2: Ball 2-2: Strikes out looking
|
Batting: RHB Juan Martinez
|
0-0: Foul Ball, location: 2F 0-1: Ball 1-1: Ball 2-1: Ball 3-1: 2-RUN HOME RUN (Flyball, 7LD, EV 93.8 MPH), Distance : 361 ft
|
Batting: RHB Kyle Davis
|
0-0: Called Strike 0-1: SINGLE (Flyball, 34D, EV 83.1 MPH)
|
Batting: RHB Ryan Alban
|
0-0: Foul Ball, location: 2F 0-1: Ball 1-1: Fielders Choice at 2nd, 6-4 (Groundball, 6, EV 85.6 MPH)
|
Top of the 3rd over - 3 runs, 4 hits, 0 errors, 1 left on base; El Paso 5 - Iowa 0 |
BOTTOM OF THE 3RD |
Iowa Cubs batting - Pitching for El Paso Chihuahuas : RHP Jorge Guerrero
|
Batting: RHB Peter Croston
|
0-0: Called Strike 0-1: SINGLE (Line Drive, 4M, EV 98.1 MPH)
|
Batting: SHB Nick Chandler
|
0-0: Foul Ball, location: 2F 0-1: Ball 1-1: Ball 2-1: Swinging Strike 2-2: Strikes out swinging
|
Batting: SHB R.J. Vargas
|
0-0: Ball 1-0: Ball 2-0: Called Strike 2-1: Swinging Strike 2-2: Strikes out swinging
|
Batting: RHB Andy Wasierski
|
0-0: Ball 1-0: Foul Ball, location: 2F 1-1: Ball 2-1: Foul Ball, location: 2F 2-2: Ground out 4-3 (Groundball, 34, EV 86.9 MPH)
|
Bottom of the 3rd over - 0 runs, 1 hit, 0 errors, 1 left on base; El Paso 5 - Iowa 0 |
TOP OF THE 4TH |
El Paso Chihuahuas batting - Pitching for Iowa Cubs : RHP Josh Ready
|
Batting: RHB Terry Jarrells
|
0-0: Called Strike 0-1: Ball 1-1: Swinging Strike 1-2: Strikes out looking
|
Pitching: RHP Ryan Masterson
|
|
Batting: RHB Min-chin Yi
|
0-0: Called Strike 0-1: Called Strike 0-2: Ball 1-2: Strikes out swinging
|
Batting: SHB Steve Killion
|
0-0: Called Strike 0-1: Ground out U3 (Groundball, 23, EV 87.5 MPH)
|
Top of the 4th over - 0 runs, 0 hits, 0 errors, 0 left on base; El Paso 5 - Iowa 0 |
BOTTOM OF THE 4TH |
Iowa Cubs batting - Pitching for El Paso Chihuahuas : RHP Jorge Guerrero
|
Batting: RHB Adam O'Hare
|
0-0: Ball 1-0: Swinging Strike 1-1: Called Strike 1-2: Strikes out swinging, 2-3 out at first.
|
Batting: RHB Francisco Ramirez
|
0-0: Foul Ball, location: 2F 0-1: SINGLE (Flyball, 8LS, EV 101.2 MPH)
|
Batting: LHB Chris Morgan
|
0-0: Ball 1-0: Called Strike 1-1: Ground out U3 (Groundball, 3S, EV 73.8 MPH) Francisco Ramirez to second
|
Batting: LHB John Holst
|
0-0: Called Strike 0-1: Ball 1-1: Foul Ball, location: 2F 1-2: Ball 2-2: Fly out, F8 (Flyball, 8RM, EV 77.5 MPH)
|
Bottom of the 4th over - 0 runs, 1 hit, 0 errors, 1 left on base; El Paso 5 - Iowa 0 |
TOP OF THE 5TH |
El Paso Chihuahuas batting - Pitching for Iowa Cubs : RHP Ryan Masterson
|
Batting: RHB Itsuo Yoshioka
|
0-0: Called Strike 0-1: Ball 1-1: Foul Ball, location: 2F 1-2: Ball 2-2: Ball 3-2: DOUBLE (Flyball, 78D, EV 89.4 MPH)
|
Batting: RHB Jeremy Lewis
|
0-0: Ball 1-0: 2-RUN HOME RUN (Flyball, 8RXD, EV 99.4 MPH), Distance : 422 ft
|
Batting: RHB Kiril Emeshin
|
0-0: Foul Ball, location: 2F 0-1: Ball 1-1: Ball 2-1: Called Strike 2-2: Ball 3-2: Strikes out swinging
|
Pitching: LHP Neal Brody
|
|
Batting: RHB Juan Martinez
|
0-0: Called Strike 0-1: Ball 1-1: Ball 2-1: SINGLE (Groundball, 6MD, EV 105.6 MPH)
|
Batting: RHB Kyle Davis
|
0-0: Ball 1-0: Foul Ball, location: 2F 1-1: DOUBLE (Flyball, 78XD, EV 101.2 MPH) Juan Martinez to third
|
Batting: RHB Ryan Alban
|
0-0: Ball 1-0: Ball 2-0: Ball 3-0: Base on Balls
|
Batting: RHB Terry Jarrells
|
0-0: Ball 1-0: Ball 2-0: Ball Wild Pitch! Juan Martinez scores Kyle Davis to third Ryan Alban to second 3-0: Base on Balls
|
Batting: RHB Min-chin Yi
|
0-0: Ball 1-0: Swinging Strike 1-1: Foul Ball, location: 2F 1-2: Ball 2-2: Ball 3-2: GRAND SLAM HOME RUN (Line Drive, 9D, EV 96.2 MPH), Distance : 394 ft
|
Pitching: RHP Julio Arteaga
|
|
Batting: SHB Steve Killion
|
0-0: Swinging Strike 0-1: Ball 1-1: Swinging Strike 1-2: Ball 2-2: Strikes out swinging
|
Batting: RHB Itsuo Yoshioka
|
0-0: Ball 1-0: Foul Ball, location: 2F 1-1: Foul Ball, location: 2F 1-2: DOUBLE (Flyball, 89XD, EV 105.6 MPH)
|
Batting: RHB Jeremy Lewis
|
0-0: Ball 1-0: Called Strike 1-1: Ball 2-1: Fly out, F8 (Flyball, 8RXD, EV 93.8 MPH)
|
Top of the 5th over - 7 runs, 6 hits, 0 errors, 1 left on base; El Paso 12 - Iowa 0 |
BOTTOM OF THE 5TH |
Iowa Cubs batting - Pitching for El Paso Chihuahuas : RHP Jorge Guerrero
|
Batting: LHB John Criswell
|
0-0: Ball 1-0: Ball 2-0: Ball 3-0: Called Strike 3-1: Base on Balls
|
Batting: RHB Peter Croston
|
0-0: Swinging Strike 0-1: Ball 1-1: Foul Ball, location: 2F 1-2: Strikes out swinging
|
Batting: SHB Nick Chandler
|
0-0: Called Strike 0-1: Swinging Strike 0-2: Ball 1-2: Strikes out looking
|
Batting: SHB R.J. Vargas
|
0-0: Called Strike 0-1: Ball 1-1: Foul Ball, location: 2F 1-2: Strikes out looking
|
Bottom of the 5th over - 0 runs, 0 hits, 0 errors, 1 left on base; El Paso 12 - Iowa 0 |
TOP OF THE 6TH |
El Paso Chihuahuas batting - Pitching for Iowa Cubs : RHP Julio Arteaga
|
Batting: RHB Kiril Emeshin
|
0-0: SOLO HOME RUN (Flyball, 7D, EV 95.0 MPH), Distance : 365 ft
|
Batting: RHB Juan Martinez
|
0-0: Swinging Strike 0-1: Foul Ball, location: 2F 0-2: Ball 1-2: Ball 2-2: Strikes out looking
|
Pitching: RHP Willie Ramos
|
|
Batting: RHB Kyle Davis
|
0-0: Called Strike 0-1: Ball 1-1: Called Strike 1-2: Strikes out swinging
|
Batting: RHB Ryan Alban
|
0-0: Ball 1-0: Ball 2-0: Foul Ball, location: 2F 2-1: Foul Ball, location: 2F 2-2: Fly out, F5 (Popup, 25, EV 86.2 MPH)
|
Top of the 6th over - 1 run, 1 hit, 0 errors, 0 left on base; El Paso 13 - Iowa 0 |
BOTTOM OF THE 6TH |
Iowa Cubs batting - Pitching for El Paso Chihuahuas : RHP Jorge Guerrero
|
Batting: RHB Andy Wasierski
|
0-0: Swinging Strike 0-1: Ball 1-1: Swinging Strike 1-2: Strikes out looking
|
Batting: RHB Adam O'Hare
|
0-0: Ball 1-0: Ball 2-0: Ball 3-0: Base on Balls
|
Batting: RHB Francisco Ramirez
|
0-0: Ball 1-0: Ball 2-0: Fly out, F5 (Line Drive, 5, EV 64.4 MPH)
|
Batting: LHB Chris Morgan
|
0-0: Called Strike 0-1: Called Strike Adam O'Hare steals 2nd base (no throw) 0-2: Ball 1-2: Ball 2-2: Strikes out swinging
|
Bottom of the 6th over - 0 runs, 0 hits, 0 errors, 1 left on base; El Paso 13 - Iowa 0 |
TOP OF THE 7TH |
El Paso Chihuahuas batting - Pitching for Iowa Cubs : RHP Willie Ramos
|
Batting: RHB Terry Jarrells
|
0-0: SINGLE (Line Drive, 78S, EV 105.0 MPH)
|
Batting: RHB Min-chin Yi
|
0-0: Called Strike 0-1: Called Strike 0-2: Ball 1-2: Grounds into double play, 6-4-3 (Groundball, 6, EV 108.1 MPH)
|
Batting: SHB Steve Killion
|
0-0: Ball 1-0: Called Strike 1-1: Foul Ball, location: 2F 1-2: Foul Ball, location: 2F 1-2: Ball 2-2: Foul Ball, location: 2F 2-2: Ball 3-2: SINGLE (Line Drive, 7S, EV 98.8 MPH)
|
Pitching: RHP Heef Harted
|
|
Batting: SHB Chris Haugen
|
0-0: Ball 1-0: Ball 2-0: Ball Wild Pitch! Steve Killion to second 3-0: Base on Balls
|
Batting: RHB Jeremy Lewis
|
0-0: Ball 1-0: Foul Ball, location: 2F 1-1: Foul Ball, location: 2F 1-2: Reached on error, E3 (Groundball, 34, EV 106.2 MPH) Steve Killion to third Chris Haugen to second
|
Batting: RHB Kiril Emeshin
|
0-0: Called Strike 0-1: Swinging Strike 0-2: Strikes out swinging
|
Top of the 7th over - 0 runs, 2 hits, 1 error, 3 left on base; El Paso 13 - Iowa 0 |
BOTTOM OF THE 7TH |
Iowa Cubs batting - Pitching for El Paso Chihuahuas : RHP Jorge Guerrero
|
Batting: LHB John Holst
|
0-0: Swinging Strike 0-1: Foul Ball, location: 2F 0-2: Ball 1-2: Ball 2-2: Ball 3-2: Foul Ball, location: 2F 3-2: Foul Ball, location: 2F 3-2: Strikes out swinging
|
Batting: LHB John Criswell
|
0-0: Ball 1-0: Ball 2-0: Swinging Strike 2-1: Swinging Strike 2-2: Strikes out swinging
|
Batting: RHB Peter Croston
|
0-0: Swinging Strike 0-1: Ball 1-1: Foul Ball, location: 2F 1-2: Ball 2-2: Foul Ball, location: 2F 2-2: Strikes out swinging
|
Bottom of the 7th over - 0 runs, 0 hits, 0 errors, 0 left on base; El Paso 13 - Iowa 0 |
TOP OF THE 8TH |
El Paso Chihuahuas batting - Pitching for Iowa Cubs : RHP Heef Harted
|
Batting: RHB Juan Martinez
|
0-0: SINGLE (Groundball, 6, EV 95.0 MPH)
|
Batting: RHB Kyle Davis
|
0-0: Called Strike 0-1: Ball 1-1: SINGLE (Flyball, 78S, EV 84.4 MPH) Juan Martinez to second
|
Pinch Hitting: LHB Luis Cruz
|
0-0: Ball 1-0: DOUBLE (Flyball, 8LXD, EV 103.1 MPH) Juan Martinez scores Kyle Davis to third
|
Batting: RHB Terry Jarrells
|
0-0: Ball 1-0: Swinging Strike 1-1: Ball 2-1: Ball 3-1: Base on Balls
|
Batting: RHB Min-chin Yi
|
0-0: Ball 1-0: SINGLE (Groundball, 6MD, EV 102.5 MPH) Kyle Davis scores Luis Cruz to third Terry Jarrells to second Runner from 3rd tries for Home, SAFE, throw by CF to home
|
Batting: SHB Steve Killion
|
0-0: Ball 1-0: Called Strike 1-1: Ball 2-1: Ball 3-1: Base on Balls Terry Jarrells to third Min-chin Yi to second
|
Batting: SHB Chris Haugen
|
0-0: Ball 1-0: Ball 2-0: Ball 3-0: Called Strike 3-1: Base on Balls Terry Jarrells scores Min-chin Yi to third Steve Killion to second
|
Batting: RHB Jeremy Lewis
|
0-0: Ball 1-0: Foul Ball, location: 2F 1-1: SINGLE (Flyball, 6MD, EV 90.6 MPH) Min-chin Yi scores Steve Killion to third Chris Haugen to second
|
Batting: RHB Kiril Emeshin
|
0-0: Called Strike 0-1: Foul Ball, location: 2F 0-2: Foul Ball, location: 2F 0-2: SINGLE (Groundball, 6MD, EV 98.8 MPH) Steve Killion scores Chris Haugen to third Jeremy Lewis to second
|
Batting: RHB Juan Martinez
|
0-0: Fly out, F4 (Line Drive, 4, EV 71.2 MPH)
|
Batting: RHB Kyle Davis
|
0-0: Ball 1-0: Ball 2-0: Ball 3-0: Called Strike 3-1: Base on Balls Chris Haugen scores Jeremy Lewis to third Kiril Emeshin to second
|
Batting: LHB Luis Cruz
|
0-0: Called Strike 0-1: Called Strike 0-2: Foul Ball, location: 2F 0-2: Foul Ball, location: 2F 0-2: Strikes out swinging
|
Batting: RHB Terry Jarrells
|
0-0: Called Strike 0-1: Ball 1-1: SINGLE (Flyball, 7S, EV 93.1 MPH) Jeremy Lewis scores Kiril Emeshin to third Kyle Davis to second Runner from 3rd tries for Home, SAFE, throw by LF to home
|
Batting: RHB Min-chin Yi
|
0-0: Foul Ball, location: 2F 0-1: Foul Ball, location: 2F 0-2: Fly out, F7 (Flyball, 7LM, EV 88.8 MPH)
|
Top of the 8th over - 9 runs, 7 hits, 0 errors, 2 left on base; El Paso 22 - Iowa 0 |
BOTTOM OF THE 8TH |
Iowa Cubs batting - Pitching for El Paso Chihuahuas : RHP Jorge Guerrero
|
Pitching: RHP Victor Moreno
|
|
Now in RF: Luis Cruz
|
|
Batting: SHB Nick Chandler
|
0-0: Called Strike 0-1: Ball 1-1: Called Strike 1-2: Ball 2-2: Strikes out swinging
|
Batting: SHB R.J. Vargas
|
0-0: Swinging Strike 0-1: Called Strike 0-2: Ball 1-2: Strikes out swinging
|
Batting: RHB Andy Wasierski
|
0-0: Called Strike 0-1: Foul Ball, location: 2F 0-2: Strikes out swinging
|
Bottom of the 8th over - 0 runs, 0 hits, 0 errors, 0 left on base; El Paso 22 - Iowa 0 |
TOP OF THE 9TH |
El Paso Chihuahuas batting - Pitching for Iowa Cubs : RHP Heef Harted
|
Pinch Hitting: RHB Rodolfo Rivera
|
0-0: Ground out 6-3 (Groundball, 6M, EV 84.4 MPH)
|
Batting: SHB Chris Haugen
|
0-0: Fly out, F7 (Flyball, 7D, EV 84.4 MPH)
|
Batting: RHB Jeremy Lewis
|
0-0: Ball 1-0: Ball 2-0: Fly out, F7 (Flyball, 7LM, EV 85.6 MPH)
|
Top of the 9th over - 0 runs, 0 hits, 0 errors, 0 left on base; El Paso 22 - Iowa 0 |
BOTTOM OF THE 9TH |
Iowa Cubs batting - Pitching for El Paso Chihuahuas : RHP Victor Moreno
|
Now at 3B: Rodolfo Rivera
|
|
Batting: RHB Adam O'Hare
|
0-0: Swinging Strike 0-1: Foul Ball, location: 2F 0-2: Foul Ball, location: 2F 0-2: Ball 1-2: Ball 2-2: Ball 3-2: Base on Balls
|
Batting: RHB Francisco Ramirez
|
0-0: Ball 1-0: Called Strike 1-1: Ball 2-1: Called Strike 2-2: Foul Ball, location: 2F 2-2: Strikes out swinging
|
Batting: LHB Chris Morgan
|
0-0: Foul Ball, location: 2F 0-1: Swinging Strike 0-2: Foul Ball, location: 2F 0-2: Strikes out swinging
|
Batting: LHB John Holst
|
0-0: Ball 1-0: Foul Ball, location: 2F 1-1: Called Strike 1-2: Strikes out looking
|
Bottom of the 9th over - 0 runs, 0 hits, 0 errors, 1 left on base; El Paso 22 - Iowa 0 |
|